 Dungeon Crawl Stone Soup version 0.19-a0-1732-g0b18a7b (webtiles) character file.

181 4thArraOfDagon the Slasher (level 5, -5/47 HPs)
             Began as a Minotaur Monk on Sept 30, 2016.
             Slain by a bullfrog (7 damage)
             ... on level 5 of the Dungeon.
             The game lasted 00:01:48 (400 turns).

4thArraOfDagon the Slasher (Minotaur Monk)           Turns: 400, Time: 00:01:49

Health: -5/47      AC:  5    Str: 15    XL:     5   Next: 34%
Magic:  4/4        EV: 12    Int:  7    God:
Gold:   74         SH:  0    Dex: 14    Spells: 0 memorised, 4 levels left

rFire  . . .     SeeInvis .     a - +0 falchion
rCold  . . .     Gourm    .     g - +0 ring mail
rNeg   . . .     Faith    .     (no shield)
rPois  .         Spirit   .     (helmet restricted)
rElec  .         Dismiss  .     (no cloak)
rCorr  .         Reflect  .     (no gloves)
MR     .....     Harm     .     (no boots)
Stlth  +.........               (no amulet)
                                (no ring)
                                (no ring)

@: no status effects
A: retaliatory headbutt, horns 2
a: no special abilities


You were on level 5 of the Dungeon.
You were not hungry.

You visited 1 branch of the dungeon, and saw 7 of its levels.

You collected 74 gold pieces.

Inventory:

Hand Weapons
 a - a +0 falchion (weapon)
Armour
 b - a +0 robe
 g - a +0 ring mail (worn)
 h - a +0 large shield
Scrolls
 e - a scroll of remove curse
 f - a scroll of identify
Comestibles
 c - a bread ration
 d - a meat ration


   Skills:
 + Level 4.4 Fighting
 * Level 5.4 Long Blades
 + Level 2.7 Armour
 + Level 4.1 Dodging
 - Level 1.5 Stealth


You had 4 spell levels left.
You didn't know any spells.

Dungeon Overview and Level Annotations

Branches:
Dungeon (7/15)
 Temple: D:4-7

Altars:

Annotations:
D:6 Blork the orc


Innate Abilities, Weirdness & Mutations

You reflexively headbutt those who attack you in melee.
You have a pair of horns on your head.


Message History

The centaur shoots an arrow.
The arrow hits you.
* * * LOW HITPOINT WARNING * * *
You climb upwards.
There is a stone staircase leading down here.
Unknown command.
You barely miss the bullfrog. The bullfrog closely misses you.
You furiously retaliate!
You headbutt the bullfrog.
You riposte.
You hit the bullfrog.
The bullfrog is moderately wounded.
The bullfrog hits you.
* * * LOW HITPOINT WARNING * * *
You closely miss the bullfrog.
The bullfrog is moderately wounded.
The bullfrog hits you.
* * * LOW HITPOINT WARNING * * *
You aren't carrying any potions.
You closely miss the bullfrog.
The bullfrog is moderately wounded.
The bullfrog hits you!
You die...

##### ......
......
......######
####...F...#
........@.(#
####.......#
#.......#
#.......#
#.......#
#.......#
#########


You could see a bullfrog.

Vanquished Creatures
  A centaur (D:5)
  A hound (D:4)
  An orc wizard (D:6)
  3 adders
  An adder skeleton (D:5)
  2 dart slugs
  A goblin (D:2)
  2 hobgoblins (D:1)
  3 jackals (D:3)
  A quokka (D:2)
  A bat (D:3)
17 creatures vanquished.

Notes
Turn   | Place    | Note
-------+----------+-------------------------------------------
     0 | D:1      | 4thArraOfDagon the Minotaur Monk began the quest for the Orb.
     0 | D:1      | Reached XP level 1. HP: 19/19 MP: 0/0
    86 | D:1      | Reached skill level 1 in Armour
   121 | D:2      | Reached skill level 4 in Long Blades
   121 | D:2      | Reached XP level 2. HP: 15/27 MP: 1/1
   220 | D:4      | Reached XP level 3. HP: 23/33 MP: 2/2
   240 | D:4      | Reached XP level 4. HP: 22/40 MP: 3/3
   297 | D:5      | Entered Level 5 of the Dungeon
   297 | D:5      | Noticed a centaur
   311 | D:5      | Killed a centaur
   311 | D:5      | Reached skill level 5 in Long Blades
   311 | D:5      | Reached XP level 5. HP: 22/47 MP: 4/4
   358 | D:7      | Noticed an orc warrior
   395 | D:6      | Noticed Blork the orc
   395 | D:6      | Noticed a centaur
   399 | D:5      | HP: 2/47 [bullfrog (5)]
   400 | D:5      | Slain by a bullfrog

Vault maps used:
D:1:      tarquinn_simple_flora_water_c, st_stairs_10, minivault_5
D:2:      uniq_natasha
D:3:      kennysheep_orc_chapel, uniq_robin, uniq_sigmund
D:5:      first_bread
D:6:      kennysheep_mini, lemuel_doored_altar, portal_sewer_entry_a,
          uniq_prince_ribbit1, uniq_blork_the_orc, uniq_menkaure, uniq_grinder
D:7:      tgw_trog, grunt_ministairs_9

Skill      XL: |  1  2  3  4 |
---------------+-------------+-----
Armour         | 1 2 |  2.7
Long Blades    | 4 5 |  5.4
Fighting       | 4 |  4.4
Dodging        | 4 |  4.1
Stealth        | |  1.5

Action                   |  1- 3 |  4- 6 || total
-------------------------+-------+-------++-------
Melee: Falchion          |    43 |    22 ||    65
       Headbutt          |     8 |     4 ||    12
  Use: Scroll            |     1 |     2 ||     3
       Potion            |       |     1 ||     1
Armor: Robe              |    10 |       ||    10
       Ring mail         |       |     9 ||     9
Dodge: Dodged            |    22 |    15 ||    37
